 Dungeon Crawl Stone Soup version 0.27.1-1-g398f81649c (webtiles) character file.

Game seed: 1392006787256691757

214 Metae the Skirmisher (level 5, -5/47 HPs)
             Began as a Hill Orc Fighter on Sept 18, 2021.
             Slain by an ogre (9 damage)
             ... on level 4 of the Dungeon.
             The game lasted 00:08:18 (3299 turns).

Metae the Skirmisher (Hill Orc Fighter)             Turns: 3299, Time: 00:08:19

Health: -5/47      AC: 10    Str: 20    XL:     5   Next: 92%
Magic:  5/5        EV:  7    Int:  8    God:
Gold:   163        SH:  9    Dex: 10    Spells: 4/4 levels left

rFire    . . .     SeeInvis .   a - +0 war axe
rCold    . . .     Faith    .   c - +0 kite shield
rNeg     . . .     Spirit   .   b - +0 scale mail
rPois    .         Reflect  .   (no helmet)
rElec    .         Harm     .   (no cloak)
rCorr    .         Rampage  .   p - +2 pair of gloves
Will     .....                  (no boots)
Stlth    ..........             (no amulet)
HPRegen  0.15/turn              (no ring)
MPRegen  0.09/turn              (no ring)

@: no status effects
A: no striking features
a: no special abilities


You were on level 4 of the Dungeon.
You visited 1 branch of the dungeon, and saw 4 of its levels.

You collected 163 gold pieces.

Inventory:

Hand Weapons
 a - a +0 war axe (weapon)
Armour
 b - a +0 scale mail (worn)
 c - a +0 kite shield (worn)
 p - a +2 pair of gloves (worn)
Jewellery
 g - a ring of ice
Scrolls
 e - 4 scrolls of teleportation {unknown}
 f - a scroll of identify {unknown}
 k - a scroll of noise {unknown}
 l - a scroll of immolation {unknown}
 q - a scroll of vulnerability {unknown}
Potions
 h - a potion of attraction {unknown}
 i - a potion of mutation {unknown}
 j - 2 potions of curing {unknown}
 m - a potion of lignification {unknown}
 n - a potion of degeneration {unknown}
 o - 2 potions of haste {unknown}


   Skills:
 + Level 4.9 Fighting
 + Level 4.5 Axes
 + Level 4.4 Armour
 + Level 4.5 Shields


You had 4 spell levels left.
You didn't know any spells.
Your spell library contained the following spells:

 Spells                   Type           Power      Damage    Failure   Level
 Animate Skeleton         Necr           0%         N/A       99%         1
 Pain                     Necr           0%         1d4       99%         1
 Vampiric Draining        Necr           0%         2d6       100%        3
 Malign Gateway           Summ/Tloc      0%         N/A       100%        7
 Summon Horrible Things   Summ           0%         N/A       100%        8


Dungeon Overview and Level Annotations

Branches:
Dungeon (4/15)
 Temple: D:4-7

Altars:
Dithmenos
Hepliaklqana


Message History

You feel a little less mighty now.
You start resting.
HP restored.
Found 10 gold pieces.
Found 12 gold pieces.
Found a robe.
Found a stone staircase leading down.
Found an escape hatch in the floor.
You now have 145 gold pieces (gained 10).
You now have 157 gold pieces (gained 12).
There is a stone staircase leading down here.
Found a robe.
Found 6 gold pieces.
You now have 163 gold pieces (gained 6).
Found a scroll labelled ZUEMADD QAVVA.
An ogre comes into view. It is wielding a +0 giant club.
The ogre shouts!
You see here a scroll labelled ZUEMADD QAVVA.
You hit the ogre but do no damage. The ogre hits you with a +0 giant club!
You block the ogre's attack.
Your shield prevents you from hitting the ogre.
The ogre closely misses you.
You hit the ogre but do no damage. You block the ogre's attack.
You hit the ogre but do no damage. You block the ogre's attack.
You hit the ogre.
The ogre is lightly wounded.
The ogre hits you but does no damage.
You closely miss the ogre.
The ogre is lightly wounded.
The ogre hits you with a +0 giant club!
You hit the ogre.
The ogre is lightly wounded.
The ogre hits you with a +0 giant club!
* * * LOW HITPOINT WARNING * * *
You slash the ogre!
The ogre is heavily wounded.
The ogre hits you with a +0 giant club!
* * * LOW HITPOINT WARNING * * *
The ogre hits you with a +0 giant club!
You die...

# #####
#.##...######
#.#..........
#............
#............
#...O.......
##..@.......
##...#.#...
##.##.# .
#.##.# #.##.#
#.##.#####.#
#...........
####.######.
#....#


You could see an ogre.

Vanquished Creatures
  A phantom (D:4)
  6 adders
  2 worms
  2 dart slugs
  5 orcs (D:3)
  4 ball pythons
  6 endoplasms
  3 giant cockroaches
  2 goblins (D:1)
  7 hobgoblins
  4 jackals (D:1)
  4 kobolds
  5 quokkas
  6 bats
  5 frilled lizards
  4 rats
66 creatures vanquished.

Vanquished Creatures (others)
  A fungus (D:2)
  A plant (D:2)
2 creatures vanquished.

Grand Total: 68 creatures vanquished

Notes
Turn   | Place    | Note
-------+----------+-------------------------------------------
     0 | D:1      | Metae the Hill Orc Fighter began the quest for the Orb.
     0 | D:1      | Reached XP level 1. HP: 19/19 MP: 1/1
    94 | D:1      | Reached XP level 2. HP: 27/27 MP: 2/2
   349 | D:1      | Reached XP level 3. HP: 33/33 MP: 3/3
  1246 | D:2      | Reached XP level 4. HP: 26/40 MP: 4/4
  1732 | D:2      | Found a faded altar of an unknown god.
  2025 | D:3      | Found a hazy altar of Hepliaklqana.
  2465 | D:3      | Reached XP level 5. HP: 44/47 MP: 5/5
  2915 | D:4      | Noticed a phantom
  2930 | D:4      | Found a shadowy altar of Dithmenos.
  3019 | D:4      | Killed a phantom
  3287 | D:4      | Noticed an ogre
  3299 | D:4      | Slain by an ogre

Illustrated notes

Levels and vault maps discovered:
D:1:      shiori_arrival_oz, layout_loops_ring, st_stairs_13
D:2:      layout_basic, shapermc_ecumenical_altar_petra
D:3:      layout_basic, mainiacjoe_overflow_catwalk, grunt_decor_clamped,
          minmay_starry_boxes
D:4:      layout_loops_ring, grunt_dithmenos_smoke_and_mirrors,
          kennysheep_slug_shrine, minmay_temple_entry_wispy

Skill      XL: |  1  2  3  4 |
---------------+-------------+-----
Axes           | 3 4 |  4.5
Fighting       | 4 |  4.9
Shields        | 4 |  4.5
Armour         | 4 |  4.4

Action                   |  1- 3 |  4- 6 || total
-------------------------+-------+-------++-------
Melee: War axe           |   119 |   150 ||   269
  Use: Potion            |       |     1 ||     1
Armor: Scale mail        |    52 |    60 ||   112
Dodge: Dodged            |    36 |    55 ||    91
Block: Kite shield       |    82 |    83 ||   165
